 Dungeon Crawl Stone Soup version 0.29.0-15-g675c0067aa (webtiles) character file.

Game seed: 16541833783261050350

549 qw the Chopper (level 7, -1/43 HPs)
             Began as a Gargoyle Fighter on Sept 12, 2022.
             Was an Initiate of Okawaru.
             Slain by a lemure (4 damage)
             ... led by Pikel
             ... on level 5 of the Dungeon.
             The game lasted 00:01:43 (4991 turns).

qw the Chopper (Gargoyle Fighter)                   Turns: 4991, Time: 00:01:44

Health: -1/43      AC: 18    Str: 22    XL:     7   Next: 28%
Magic:  7/7        EV:  7    Int:  8    God:    Okawaru [......]
Gold:   247        SH:  9    Dex:  9    Spells: 6/6 levels left

rFire   + + .      SeeInvis .   Y - +0 war axe
rCold   . . .      Faith    .   c - +0 buckler
rNeg    + . .      Spirit   .   f - +0 chain mail
rPois   inf        Reflect  +   b - +2 helmet
rElec   +          Harm     .   (no cloak)
rCorr   .          Rampage  .   e - +0 pair of gloves
Will    .....                   (no boots)
Stlth   ..........              h - amulet of reflection
HPRegen 0.14/turn               g - ring of protection from fire
MPRegen 0.10/turn               i - ring of protection from fire

@: no status effects
A: sickness immunity, AC +4, negative energy resistance 1, electricity
resistance, torment resistance 1, petrification resistance
a: Renounce Religion


You were on level 5 of the Dungeon.
You worshipped Okawaru.
Okawaru was noncommittal.
You visited 2 branches of the dungeon, and saw 6 of its levels.

You collected 247 gold pieces.


Innate Abilities, Weirdness & Mutations

You are immune to sickness and miasma.
Your stone body is resilient. (AC +4)
You are immune to poison.
You resist negative energy. (rN+)
You are resistant to electric shocks. (rElec)
You are resistant to unholy torment.
You are immune to petrification.


   Skills:
 - Level 4.1 Fighting
 + Level 6.6 Axes
 - Level 3.2 Armour
 - Level 1.0 Dodging
 - Level 3.2 Shields


You had 6 spell levels left.
You didn't know any spells.
Your spell library was empty.

Inventory:

Hand Weapons
 q - the +8 mace of the Skies Above {protect, rC++ Str-3}
   (You found it on level 4 of the Dungeon)

   It grants its wielder temporary protection when it strikes (+7 to AC).
   Str:       It affects your strength (-3).
   rC:        It greatly protects you from cold.
 Y - a +0 war axe (weapon)
Armour
 b - a +2 helmet (worn)
 c - a +0 buckler (worn)
 e - a +0 pair of gloves (worn)
 f - a +0 chain mail (worn)
Jewellery
 g - a ring of protection from fire (left hand)
 h - an amulet of reflection (around neck)
 i - a ring of protection from fire (right hand)
Scrolls
 o - a scroll of blinking
 p - a scroll of identify
Potions
 a - 2 potions of curing
 d - a potion of might
 j - a potion of degeneration {unknown}
 k - a potion of brilliance {unknown}
 l - a potion of experience {unknown}
 m - a potion of invisibility {unknown}
 n - a potion of mutation {unknown}

Dungeon Overview and Level Annotations

Branches:
Dungeon (5/15)             Temple (1/1) D:5

Altars:
Ashenzari
Elyvilon
Fedhas
Kikubaaqudgha
Nemelex Xobeh
Okawaru
Qazlal
Ru
Sif Muna
Uskayaw
Vehumet
Wu Jian
Xom
Yredelemnul
Zin
The Shining One

Annotations:
D:5 Pikel


Message History

Pikel hits you but does no damage. You block the lemure's attack.
The lemure hits you but does no damage.
You barely miss the lemure.
The lemure is almost dead.
You barely miss Pikel. You completely miss the lemure.
Pikel hits you with a +0 whip of freezing!
Pikel freezes you. You block the lemure's attack. The lemure hits you.
You hit the lemure but do no damage.
The lemure is almost dead.
You closely miss the lemure. You closely miss Pikel.
Pikel hits you with a +0 whip of freezing.
Pikel freezes you. The lemure barely misses you.
The lemure hits you but does no damage.
You barely miss the lemure.
The lemure is almost dead.
You hit Pikel. You barely miss the lemure. Pikel barely misses you.
The lemure closely misses you. You block the lemure's attack.
Pikel hits you but does no damage. The lemure hits you but does no damage.
The lemure completely misses you.
You hit the lemure but do no damage.
The lemure is almost dead.
You barely miss the lemure. You barely miss Pikel.
Pikel hits you with a +0 whip of freezing!
Pikel freezes you. The lemure barely misses you. x2
You hit the lemure.
The lemure is almost dead.
You hit the lemure. You hit Pikel. Pikel hits you but does no damage.
The lemure hits you but does no damage. You block the lemure's attack.
You closely miss the lemure.
The lemure is almost dead.
You hit Pikel but do no damage. You closely miss the lemure.
Pikel hits you but does no damage. You block the lemure's attack.
The lemure hits you but does no damage.
You barely miss the lemure.
The lemure is almost dead.
You barely miss Pikel. You closely miss the lemure.
Pikel hits you with a +0 whip of freezing.
Pikel freezes you. The lemure hits you.
You die...

#.# #.# #.# # #.####.
#.#... .. #5#.# ..
##K5.# #. ##.@5### #.
#......# # ####.##
#......# .
.....####......#
########..##........#
......###...>.......#
......)...#####.....#
.####.##### #######
.# #.#


You could see Pikel and 3 lemures.

Vanquished Creatures
  A phantom (D:4)
  A lemure (D:5)
  2 bullfrogs
  A scorpion (D:4)
  A gnoll bouda (D:4)
  A hound (D:4)
  An iguana (D:4)
  5 gnolls
  7 adders
  5 worms
  2 dart slugs
  6 orcs
  2 ball pythons (D:2)
  4 bats
  5 endoplasms
  3 giant cockroaches
  8 goblins
  7 hobgoblins
  2 jackals (D:2)
  2 quokkas
  3 frilled lizards
  8 kobolds
  2 rats
79 creatures vanquished.

Notes
Turn   | Place    | Note
-------+----------+-------------------------------------------
     0 | D:1      | qw the Gargoyle Fighter began the quest for the Orb.
     0 | D:1      | Reached XP level 1. HP: 14/14 MP: 1/1
     0 | D:1      | 0 ||| qw: Version: 0.1-a-119-g272c26d
     0 | D:1      | 0 ||| qw: Game counter: 10862
     0 | D:1      | 0 ||| qw: Always use a shield: true
     0 | D:1      | 0 ||| qw: God list: Okawaru
     0 | D:1      | 0 ||| qw: Allow faded altars: false
     0 | D:1      | 0 ||| qw: Do Orc after D:15 true
     0 | D:1      | 0 ||| qw: Do second Lair branch before Depths: true
     0 | D:1      | 0 ||| qw: Lair rune preference: random
     0 | D:1      | 0 ||| qw: Plans: Normal, Zot, God:TSO, Crypt, Tomb, Pan,
                  | Slime, Hells, Zig, Abyss, Orb
     0 | D:1      | 0 ||| PLANNING D:1-11
   125 | D:1      | You fall into a shaft and drop 1 floor!
   134 | D:2      | Reached skill level 2 in Axes
   140 | D:2      | Reached XP level 2. HP: 13/19 MP: 2/2
   151 | D:2      | Reached skill level 3 in Axes
   192 | D:2      | HP: 2/19 [worm (3)]
   194 | D:2      | Reached XP level 3. HP: 3/23 MP: 3/3
   540 | D:2      | 540 ||| DROPPING +0 club.
   678 | D:2      | 678 ||| UPGRADING to +0 chain mail.
   688 | D:2      | 688 ||| DROPPING +0 scale mail.
   689 | D:2      | 689 ||| UPGRADING to amulet of reflection.
   694 | D:2      | 694 ||| UPGRADING to ring of protection from fire.
   695 | D:2      | 695 ||| READING scroll labelled EDGHAI BEICE.
   900 | D:1      | Found a faded altar of an unknown god.
  1360 | D:1      | 1360 ||| UPGRADING to +2 helmet.
  1402 | D:2      | Reached XP level 4. HP: 25/28 MP: 4/4
  1402 | D:2      | 1402 ||| STAIRDANCE
  1469 | D:2      | 1469 ||| Stepping ~*~*~tactically~*~*~ (stealth).
  1781 | D:2      | 1781 ||| READING scroll labelled LAPLIO EVATARA.
  1782 | D:2      | 1782 ||| READING scroll labelled AMIOSI NUMPALECEM.
  1816 | D:3      | Reached skill level 4 in Axes
  1825 | D:3      | 1825 ||| Stepping ~*~*~tactically~*~*~ (hiding).
  2314 | D:3      | 2314 ||| Stepping ~*~*~tactically~*~*~ (stealth).
  2412 | D:3      | Found a sparkling altar of Nemelex Xobeh.
  2488 | D:3      | Found a shimmering blue altar of Sif Muna.
  2495 | D:3      | 2495 ||| FLEEEEING.
  2503 | D:3      | 2503 ||| FLEEEEING.
  2504 | D:3      | 2504 ||| FLEEEEING.
  3187 | D:3      | 3187 ||| READING scroll labelled QIRAUGOINWO.
  3188 | D:3      | 3188 ||| READING scroll labelled LOGIANWAMP.
  3252 | D:3      | 3252 ||| READING scroll labelled KOIDWUSIPH.
  3253 | D:3      | 3253 ||| FLEEEEING.
  3355 | D:3      | 3355 ||| DRINKING 2 amethyst potions.
  3408 | D:4      | Noticed a scorpion
  3408 | D:4      | Noticed a bullfrog
  3411 | D:4      | 3411 ||| STAIRDANCE
  3420 | D:3      | Killed a bullfrog
  3421 | D:3      | Reached skill level 5 in Axes
  3421 | D:3      | Reached XP level 5. HP: 28/32 MP: 5/5
  3468 | D:4      | Reached XP level 6. HP: 35/38 MP: 6/6
  3611 | D:4      | 3611 ||| Stepping ~*~*~tactically~*~*~ (hiding).
  3613 | D:4      | 3613 ||| Stepping ~*~*~tactically~*~*~ (hiding).
  3642 | D:4      | Found a glowing golden altar of the Shining One.
  3742 | D:4      | 3742 ||| Stepping ~*~*~tactically~*~*~ (hiding).
  3743 | D:4      | 3743 ||| Stepping ~*~*~tactically~*~*~ (hiding).
  3744 | D:4      | 3744 ||| Stepping ~*~*~tactically~*~*~ (hiding).
  3917 | D:4      | 3917 ||| Stepping ~*~*~tactically~*~*~ (stealth).
  4033 | D:4      | Reached skill level 6 in Axes
  4033 | D:4      | Reached XP level 7. HP: 43/43 MP: 7/7
  4039 | D:4      | Identified the +8 mace of the Skies Above {protect, rC++
                  | Str-3}
  4041 | D:4      | 4041 ||| DROPPING +0 mace.
  4129 | D:4      | 4129 ||| UPGRADING to +0 pair of gloves.
  4134 | D:4      | 4134 ||| UPGRADING to ring of protection from fire.
  4135 | D:4      | 4135 ||| READING scroll labelled FOUCSEMMAA.
  4194 | D:4      | 4194 ||| READING 2 scrolls labelled NOGISM HUNGU.
  4197 | D:5      | Entered Level 5 of the Dungeon
  4197 | D:5      | Found a staircase to the Ecumenical Temple.
  4198 | D:5      | 4198 ||| PLANNING TEMPLE
  4198 | D:5      | 4198 ||| STAIRDANCE
  4202 | D:5      | 4202 ||| STAIRDANCE
  4211 | D:5      | 4211 ||| STAIRDANCE
  4220 | D:4      | Reached skill level 1 in Dodging
  4276 | D:5      | 4276 ||| STAIRDANCE
  4382 | D:5      | 4382 ||| STAIRDANCE
  4386 | D:5      | 4386 ||| STAIRDANCE
  4391 | D:5      | 4391 ||| STAIRDANCE
  4499 | D:5      | 4499 ||| STAIRDANCE
  4520 | D:5      | 4520 ||| STAIRDANCE
  4524 | D:5      | 4524 ||| STAIRDANCE
  4528 | D:5      | 4528 ||| STAIRDANCE
  4540 | D:5      | 4540 ||| STAIRDANCE
  4545 | D:5      | 4545 ||| STAIRDANCE
  4549 | D:5      | 4549 ||| STAIRDANCE
  4553 | D:5      | 4553 ||| STAIRDANCE
  4557 | D:5      | 4557 ||| STAIRDANCE
  4561 | D:5      | 4561 ||| STAIRDANCE
  4565 | D:5      | 4565 ||| STAIRDANCE
  4569 | D:5      | 4569 ||| STAIRDANCE
  4573 | D:5      | 4573 ||| STAIRDANCE
  4624 | Temple   | Entered the Ecumenical Temple
  4864 | Temple   | 4864 ||| PLANNING D:1-11
  4876 | Temple   | Became a worshipper of Warmaster Okawaru
  4923 | D:5      | Identified the +1 leather armour "Tuast" {Will+ Int-2 SInv}
  4973 | D:5      | Noticed Pikel
  4988 | D:5      | HP: 10/43 [Pikel/+0 whip of freezing (10)]
  4991 | D:5      | HP: 4/43 [Pikel/+0 whip of freezing (1)]
  4991 | D:5      | Slain by a lemure

Levels and vault maps discovered:
D:1:      wander_arrival_abandoned_jail, layout_basic,
          shapermc_ecumenical_altar_acropolis
D:2:      layout_loops_ring, wad_floor_pattern_2
D:3:      layout_loops_corners, led_sif_book, lemuel_crystal_altar,
          lemuel_old_faithful
D:4:      layout_basic, nicolae_tso_swordbearing_angel, grunt_ministairs_7
D:5:      layout_basic, minmay_temple_entry_junction_2, serial_shops, shop,
          uniq_pikel, uniq_grinder
Temple:   oiseaux_autumnal_temple

Skill      XL: |  1  2  3  4  5  6  7 |
---------------+----------------------+-----
Axes           | 2 3 5 6 |  6.6
Fighting       | 4 |  4.1
Dodging        | 1 |  1.0
Armour         | |  3.2
Shields        | |  3.2

Action                   |  1- 3 |  4- 6 |  7- 9 || total
-------------------------+-------+-------+-------++-------
Melee: War axe           |    93 |   145 |    41 ||   279
  Use: Scroll            |     1 |     5 |     2 ||     8
       Potion            |       |     1 |       ||     1
Armor: Scale mail        |    28 |       |       ||    28
       Chain mail        |    25 |    71 |    37 ||   133
Dodge: Dodged            |    34 |    24 |    17 ||    75
Block: Buckler           |    37 |    53 |    33 ||   123
       Reflection        |       |     4 |       ||     4

Table legend:
 A = Non-vault XP
 B = Vault XP
 C = Vault XP percentage of total XP
 D = Non-vault monster count
 E = Vault monster count
 F = Vault count percentage of total count
                 A         B        C        D         E       F
            +---------+---------+-------+---------+---------+-------
      Total |     676 |     109 |  13.9 |      76 |       2 |   2.6
            +---------+---------+-------+---------+---------+-------
        D:1 |      18 |       0 |   0.0 |      11 |       0 |   0.0
        D:2 |      72 |       0 |   0.0 |      18 |       0 |   0.0
        D:3 |     155 |       0 |   0.0 |      24 |       0 |   0.0
        D:4 |     415 |     109 |  20.8 |      21 |       2 |   8.7
        D:5 |      16 |       0 |   0.0 |       2 |       0 |   0.0
            +---------+---------+-------+---------+---------+-------
